TOP OF THE 1ST |
Trois-Riveres Aigles batting - Pitching for London Majors : RHP Scott Lowry
|
Pitching: RHP Scott Lowry
|
|
Batting: LHB Jonathan Spino
|
0-0: Ball 1-0: Swinging Strike 1-1: Foul Ball, location: 2F 1-2: Foul Ball, location: 2F 1-2: Strikes out swinging
|
Batting: LHB Harris Vink
|
0-0: Ball 1-0: Ball 2-0: Ball 3-0: Base on Balls
|
Batting: LHB Darryl Gonnella
|
0-0: Called Strike 0-1: Ball 1-1: Ball Harris Vink is caught stealing 2nd base 2-6 2-1: Swinging Strike 2-2: DOUBLE (Line Drive, 7LM, EV 95.6 MPH)
|
Batting: RHB John Downing
|
0-0: Ground out 5-3 (Groundball, 56, EV 93.1 MPH)
|
Top of the 1st over - 0 runs, 1 hit, 0 errors, 1 left on base; Trois-Riveres 0 - London 0 |
BOTTOM OF THE 1ST |
London Majors batting - Pitching for Trois-Riveres Aigles : RHP Julian Black
|
Pitching: RHP Julian Black
|
|
Batting: RHB Luis Gomez
|
0-0: Ball 1-0: Foul Ball, location: 2F 1-1: SINGLE (Groundball, 25, EV 72.5 MPH) (infield hit)
|
Batting: RHB Brock Van Gilder
|
0-0: Called Strike 0-1: Ball 1-1: Fielders Choice at 2nd, 1-6 (Groundball, 13S, EV 60.0 MPH)
|
Batting: RHB Frank Caulfield
|
0-0: Called Strike 0-1: Grounds into double play, 4-6-3 (Groundball, 4M, EV 82.5 MPH)
|
Bottom of the 1st over - 0 runs, 1 hit, 0 errors, 0 left on base; Trois-Riveres 0 - London 0 |
TOP OF THE 2ND |
Trois-Riveres Aigles batting - Pitching for London Majors : RHP Scott Lowry
|
Batting: RHB Dave Galloway
|
0-0: Called Strike 0-1: Called Strike 0-2: Ball 1-2: Foul Ball, location: 2F 1-2: Strikes out looking
|
Batting: SHB Joshua Jackson
|
0-0: Swinging Strike 0-1: Swinging Strike 0-2: Strikes out swinging
|
Batting: RHB Nelle Lommen
|
0-0: Foul Ball, location: 2F 0-1: Ball 1-1: Ball 2-1: Foul Ball, location: 2F 2-2: SINGLE (Line Drive, 89S, EV 93.1 MPH)
|
Batting: RHB Jason Penfield
|
0-0: Ball 1-0: Called Strike 1-1: Ball 2-1: Called Strike 2-2: Strikes out swinging
|
Top of the 2nd over - 0 runs, 1 hit, 0 errors, 1 left on base; Trois-Riveres 0 - London 0 |
BOTTOM OF THE 2ND |
London Majors batting - Pitching for Trois-Riveres Aigles : RHP Julian Black
|
Batting: LHB Kurt Estep
|
0-0: Ball 1-0: Foul Ball, location: 2F 1-1: Fly out, F7 (Flyball, 7S, EV 81.2 MPH)
|
Batting: RHB Bill Murray
|
0-0: SINGLE (Groundball, 56D, EV 104.4 MPH)
|
Batting: RHB Bobby Lasaguna
|
0-0: Ball 1-0: Called Strike 1-1: Ball 2-1: Foul Ball, location: 2F 2-2: Fly out, F8 (Flyball, 8LXD, EV 98.8 MPH)
|
Batting: LHB Eric Toney
|
0-0: Called Strike 0-1: Foul Ball, location: 5F, Error on foul ball, E5 0-2: Foul Ball, location: 2F 0-2: Ball 1-2: Foul Ball, location: 2F 1-2: Ball 2-2: Fly out, F8 (Flyball, 8RS, EV 96.2 MPH)
|
Bottom of the 2nd over - 0 runs, 1 hit, 1 error, 1 left on base; Trois-Riveres 0 - London 0 |
TOP OF THE 3RD |
Trois-Riveres Aigles batting - Pitching for London Majors : RHP Scott Lowry
|
Batting: RHB Josh Harmon
|
0-0: Ball 1-0: Called Strike 1-1: Ball 2-1: Called Strike 2-2: SINGLE (Groundball, 34D, EV 101.2 MPH)
|
Batting: LHB Jonathan Spino
|
0-0: Ball Wild Pitch! Josh Harmon to second 1-0: Ground out 5-3 (Groundball, 56S, EV 86.9 MPH)
|
Batting: LHB Harris Vink
|
0-0: Ball 1-0: Ball 2-0: Called Strike 2-1: Ball 3-1: Fly out, F4 (Flyball, 34D, EV 87.5 MPH)
|
Batting: LHB Darryl Gonnella
|
0-0: Foul Ball, location: 2F 0-1: Ball Wild Pitch! Josh Harmon to third 1-1: Ball 2-1: Foul Ball, location: 2F 2-2: Strikes out swinging
|
Top of the 3rd over - 0 runs, 1 hit, 0 errors, 1 left on base; Trois-Riveres 0 - London 0 |
BOTTOM OF THE 3RD |
London Majors batting - Pitching for Trois-Riveres Aigles : RHP Julian Black
|
Batting: RHB Terry Plumley
|
0-0: Ball 1-0: Ball 2-0: Foul Ball, location: 2F 2-1: Fly out, F8 (Line Drive, 8RD, EV 87.5 MPH)
|
Batting: RHB Bobby Roldan
|
0-0: Called Strike 0-1: Ball 1-1: Swinging Strike 1-2: Ball 2-2: Strikes out swinging
|
Batting: RHB Luis Gomez
|
0-0: Ball 1-0: Swinging Strike 1-1: Swinging Strike 1-2: Foul Ball, location: 2F 1-2: Ball 2-2: Ball 3-2: Ground out 5-3 (Groundball, 5S, EV 84.4 MPH)
|
Bottom of the 3rd over - 0 runs, 0 hits, 0 errors, 0 left on base; Trois-Riveres 0 - London 0 |
TOP OF THE 4TH |
Trois-Riveres Aigles batting - Pitching for London Majors : RHP Scott Lowry
|
Batting: RHB John Downing
|
0-0: Called Strike 0-1: Foul Ball, location: 2F 0-2: Foul Ball, location: 2F 0-2: Ball 1-2: Ball 2-2: Ground out 6-3 (Groundball, 6, EV 83.1 MPH)
|
Batting: RHB Dave Galloway
|
0-0: Swinging Strike 0-1: Ball 1-1: Ball 2-1: Called Strike 2-2: Strikes out looking
|
Batting: SHB Joshua Jackson
|
0-0: Called Strike 0-1: Called Strike 0-2: Ball 1-2: Foul Ball, location: 2F 1-2: Foul Ball, location: 2F 1-2: Strikes out looking
|
Top of the 4th over - 0 runs, 0 hits, 0 errors, 0 left on base; Trois-Riveres 0 - London 0 |
BOTTOM OF THE 4TH |
London Majors batting - Pitching for Trois-Riveres Aigles : RHP Julian Black
|
Batting: RHB Brock Van Gilder
|
0-0: Ground out 6-3 (Groundball, 6, EV 104.4 MPH)
|
Batting: RHB Frank Caulfield
|
0-0: Ball 1-0: Hit by Pitch
|
Batting: LHB Kurt Estep
|
0-0: Ball 1-0: Called Strike 1-1: Ball 2-1: Ball 3-1: Called Strike 3-2: 2-RUN HOME RUN (Flyball, 9LD, EV 95.6 MPH), Distance : 338 ft
|
Batting: RHB Bill Murray
|
0-0: Called Strike 0-1: Ball 1-1: Swinging Strike 1-2: Ground out 6-3 (Groundball, 56, EV 83.1 MPH)
|
Batting: RHB Bobby Lasaguna
|
0-0: Fly out, F9 (Flyball, 9D, EV 103.1 MPH)
|
Bottom of the 4th over - 2 runs, 1 hit, 0 errors, 0 left on base; Trois-Riveres 0 - London 2 |
TOP OF THE 5TH |
Trois-Riveres Aigles batting - Pitching for London Majors : RHP Scott Lowry
|
Batting: RHB Nelle Lommen
|
0-0: Ball 1-0: Swinging Strike 1-1: Foul Ball, location: 2F 1-2: Ball 2-2: SINGLE (Flyball, 4D, EV 82.5 MPH)
|
Batting: RHB Jason Penfield
|
0-0: Ball 1-0: Grounds into double play, 4-6-3 (Groundball, 34, EV 88.8 MPH)
|
Batting: RHB Josh Harmon
|
0-0: Ball 1-0: Swinging Strike 1-1: Foul Ball, location: 2F 1-2: Fly out, F7 (Line Drive, 7D, EV 109.4 MPH)
|
Top of the 5th over - 0 runs, 1 hit, 0 errors, 0 left on base; Trois-Riveres 0 - London 2 |
BOTTOM OF THE 5TH |
London Majors batting - Pitching for Trois-Riveres Aigles : RHP Julian Black
|
Batting: LHB Eric Toney
|
0-0: Foul Ball, location: 2F 0-1: Called Strike 0-2: Strikes out swinging
|
Batting: RHB Terry Plumley
|
0-0: Called Strike 0-1: Called Strike 0-2: Ball 1-2: Ball 2-2: Strikes out looking
|
Batting: RHB Bobby Roldan
|
0-0: Foul Ball, location: 2F 0-1: Swinging Strike 0-2: Strikes out swinging
|
Bottom of the 5th over - 0 runs, 0 hits, 0 errors, 0 left on base; Trois-Riveres 0 - London 2 |
TOP OF THE 6TH |
Trois-Riveres Aigles batting - Pitching for London Majors : RHP Scott Lowry
|
Batting: LHB Jonathan Spino
|
0-0: Called Strike 0-1: Foul Ball, location: 2F 0-2: Ball 1-2: Ball 2-2: Strikes out swinging
|
Batting: LHB Harris Vink
|
0-0: Foul Ball, location: 2F 0-1: Foul Ball, location: 2F 0-2: Ball 1-2: Strikes out swinging
|
Batting: LHB Darryl Gonnella
|
0-0: Foul Ball, location: 2F 0-1: Called Strike 0-2: Fly out, F8 (Line Drive, 8LM, EV 106.2 MPH)
|
Top of the 6th over - 0 runs, 0 hits, 0 errors, 0 left on base; Trois-Riveres 0 - London 2 |
BOTTOM OF THE 6TH |
London Majors batting - Pitching for Trois-Riveres Aigles : RHP Julian Black
|
Batting: RHB Luis Gomez
|
0-0: Called Strike 0-1: Swinging Strike 0-2: Ball 1-2: Ball 2-2: Ball 3-2: Foul Ball, location: 2F 3-2: Base on Balls
|
Batting: RHB Brock Van Gilder
|
0-0: Called Strike Luis Gomez steals 2nd base 0-1: Foul Ball, location: 2F 0-2: Ball 1-2: Ball 2-2: Fly out, F7 (Flyball, 78M, EV 90.0 MPH)
|
Batting: RHB Frank Caulfield
|
0-0: Called Strike 0-1: Foul Ball, location: 2F 0-2: Strikes out swinging, 2-3 out at first.
|
Batting: LHB Kurt Estep
|
0-0: Called Strike 0-1: Ball 1-1: Fly out, F8 (Flyball, 78XD, EV 92.5 MPH)
|
Bottom of the 6th over - 0 runs, 0 hits, 0 errors, 1 left on base; Trois-Riveres 0 - London 2 |
TOP OF THE 7TH |
Trois-Riveres Aigles batting - Pitching for London Majors : RHP Scott Lowry
|
Batting: RHB John Downing
|
0-0: Called Strike 0-1: Called Strike 0-2: Strikes out swinging
|
Batting: RHB Dave Galloway
|
0-0: Called Strike 0-1: Ground out 4-3 (Groundball, 34, EV 100.6 MPH)
|
Batting: SHB Joshua Jackson
|
0-0: Called Strike 0-1: Foul Ball, location: 2F 0-2: Ball 1-2: Fly out, F7 (Flyball, 7S, EV 88.1 MPH)
|
Top of the 7th over - 0 runs, 0 hits, 0 errors, 0 left on base; Trois-Riveres 0 - London 2 |
BOTTOM OF THE 7TH |
London Majors batting - Pitching for Trois-Riveres Aigles : RHP Julian Black
|
Batting: RHB Bill Murray
|
0-0: Ball 1-0: Called Strike 1-1: Fly out, F7 (Line Drive, 78S, EV 100.0 MPH)
|
Batting: RHB Bobby Lasaguna
|
0-0: Called Strike 0-1: SINGLE (Groundball, 56, EV 100.0 MPH)
|
Batting: LHB Eric Toney
|
0-0: Foul Ball, location: 2F 0-1: Grounds into double play, 6-4-3 (Groundball, 6M, EV 80.6 MPH)
|
Bottom of the 7th over - 0 runs, 1 hit, 0 errors, 0 left on base; Trois-Riveres 0 - London 2 |
TOP OF THE 8TH |
Trois-Riveres Aigles batting - Pitching for London Majors : RHP Scott Lowry
|
Now in LF: Bryan Mattis
|
|
Batting: RHB Nelle Lommen
|
0-0: Called Strike 0-1: Ground out 3-1 (Groundball, 34, EV 83.8 MPH)
|
Batting: RHB Jason Penfield
|
0-0: Called Strike 0-1: Ball 1-1: Swinging Strike 1-2: Foul Ball, location: 2F 1-2: Ball 2-2: Strikes out swinging
|
Batting: RHB Josh Harmon
|
0-0: Called Strike 0-1: Fly out, F8 (Flyball, 8LD, EV 90.6 MPH)
|
Top of the 8th over - 0 runs, 0 hits, 0 errors, 0 left on base; Trois-Riveres 0 - London 2 |
BOTTOM OF THE 8TH |
London Majors batting - Pitching for Trois-Riveres Aigles : RHP Julian Black
|
Batting: RHB Terry Plumley
|
0-0: Ball 1-0: Ball 2-0: Ball 3-0: Called Strike 3-1: Ground out 6-3 (Groundball, 6S, EV 78.1 MPH)
|
Pinch Hitting: SHB Kevin Watson
|
0-0: Called Strike 0-1: Ground out 4-3 (Groundball, 4S, EV 62.5 MPH)
|
Batting: RHB Luis Gomez
|
0-0: Called Strike 0-1: Ground out 4-3 (Groundball, 4M, EV 85.6 MPH)
|
Bottom of the 8th over - 0 runs, 0 hits, 0 errors, 0 left on base; Trois-Riveres 0 - London 2 |
TOP OF THE 9TH |
Trois-Riveres Aigles batting - Pitching for London Majors : RHP Scott Lowry
|
Pitching: LHP Mario Amore
|
|
Now at 3B: Kevin Watson
|
|
Now at SS: Brock Van Gilder
|
|
Batting: LHB Jonathan Spino
|
0-0: Called Strike 0-1: Foul Ball, location: 2F 0-2: Ball 1-2: Strikes out swinging
|
Pinch Hitting: RHB T.J. Spina
|
0-0: Called Strike 0-1: Ball 1-1: Fly out, F3 (Popup, 3F, EV 83.1 MPH)
|
Batting: LHB Darryl Gonnella
|
0-0: Called Strike 0-1: Foul Ball, location: 2F 0-2: Ball 1-2: Strikes out swinging
|
Top of the 9th over - 0 runs, 0 hits, 0 errors, 0 left on base; Trois-Riveres 0 - London 2 |
|